 Dungeon Crawl Stone Soup version 0.30.0 (webtiles) character file.

Game seed: 15588696814027795228

30 Dani the Chopper (level 3, 28/29 HPs)
             Began as a Demonspawn Fighter on May 20, 2023.
             Was a Follower of Yredelemnul.
             Quit the game on level 2 of the Dungeon.
             The game lasted 00:01:37 (922 turns).

Dani the Chopper (Demonspawn Fighter)                Turns: 922, Time: 00:01:37

Health: 28/29      AC:  6    Str: 16    XL:     3   Next: 5%
Magic:  3/3        EV:  8    Int: 11    God:    Yredelemnul [*.....]
Gold:   25         SH:  4    Dex: 12    Spells: 2/2 levels left

rFire   . . .        a - +0 war axe
rCold   . . .        c - +0 buckler
rNeg    . . .        b - +0 scale mail
rPois   .            (no helmet)
rElec   .            (no cloak)
rCorr   .            (no gloves)
SInv    .            (no boots)
Will    .....        (no amulet) Stlth
                     (no ring)
HPRegen 0.24/turn    (no ring)
MPRegen 0.08/turn

%: no passive effects
@: no status effects
A: demonic magic 1, demonic touch 1
a: Renounce Religion, Recall Undead Harvest


You were on level 2 of the Dungeon.
You worshipped Yredelemnul.
Yredelemnul was noncommittal.
You visited 1 branch of the dungeon, and saw 2 of its levels.

You collected 61 gold pieces.
You spent 36 gold pieces at shops.

Inventory:

Hand Weapons
 a - a +0 war axe (weapon)
Missiles
 g - 3 javelins (quivered)
Armour
 b - a +0 scale mail (worn)
 c - a +0 buckler (worn)
Potions
 d - a potion of might
 f - a potion of lignification {unknown}
 Q - 3 potions of curing {@q1}


   Skills:
 - Level 3.0 Fighting
 + Level 3.2 Axes
 - Level 2.6 Armour
 - Level 2.6 Shields


You had 2 spell levels left.
You didn't know any spells.
Your spell library contained the following spells:

 Spells                   Type           Power      Damage    Failure   Level
 Dazzling Flash           Conj/Hex       0%         N/A       99%         3
 Inner Flame              Hex/Fire       0%         N/A       99%         3
 Volatile Blastmotes      Fire/Tloc      0%         2d10      99%         3
 Flame Wave               Conj/Fire      0%         2d4       100%        4
 Iskenderun's Mystic Bla  Conj/Tloc      0%         2d3       100%        4
 Sticky Flame             Conj/Fire      0%         2d3       100%        4
 Starburst                Conj/Fire      0%         6d3       100%        6


Dungeon Overview and Level Annotations

Branches:
Dungeon (2/15)

Altars:
Yredelemnul

Shops:
D:1 *


Innate Abilities, Weirdness & Mutations

Spells you cast may paralyse adjacent enemies.
Your touch may inflict minor irresistible damage on your foes.


Message History

You kill the frilled lizard!
Unknown command.
No target in view!
No target in view!
h - a scroll labelled FIKHU VAETEI A quokka is nearby!
A quokka is nearby!
A quokka is nearby!
The quokka barely misses you.
You closely miss the quokka. The quokka misses you.
The quokka bites you but does no damage.
A quokka is nearby!
You hit the quokka.
The quokka is severely wounded.
The quokka bites you but does no damage.
A quokka is nearby!
You completely miss the quokka.
The quokka is severely wounded.
The quokka bites you but does no damage.
The quokka closely misses you.
A quokka is nearby!
You closely miss the quokka.
The quokka is severely wounded.
The quokka completely misses you.
A quokka is nearby!
You slash the quokka!
You kill the quokka!
You now have 18 gold pieces (gained 15).
Key pressed, stopping explore.
No target in view!
You now have 25 gold pieces (gained 7).
Key pressed, stopping explore.
No target in view!
Key pressed, stopping explore.
i - a scroll labelled HEPADA FOZXE Key pressed, stopping explore.
Found a dagger.
A worm comes into view.
Found 6 stones.
The air fills with toxic fumes!
As you read the scroll labelled OJISOI JABUBB, it crumbles to dust.
It was a scroll of poison.
As you read the scroll labelled FIKHU VAETEI, it crumbles to dust.
You feel strangely unstable.
It was a scroll of teleportation.
As you read the scroll labelled HEPADA FOZXE, it crumbles to dust.
You hear a loud clanging noise!
It was a scroll of noise.
You hear an angry hiss. x4; You hear a shout!
You hear a bark!
Your surroundings suddenly seem different.
Splash!
You fall into the shallow water.
Moving in this stuff is going to be slow.
A quokka, a rat and a frilled lizard come into view.
Found a dagger.
Found a faded altar of an unknown god.
Found a stone staircase leading down.
Found 17 gold pieces.
The quokka completely misses you. You block the quokka's attack.
The frilled lizard barely misses you.
You barely miss the quokka. You miss the frilled lizard.
You closely miss the rat.
The quokka twitches its whiskers.
The quokka bites you but does no damage.
The rat barely misses you.
The frilled lizard bites you but does no damage.
The quokka bites you but does no damage.
You barely miss the quokka. You barely miss the frilled lizard.
You hit the rat but do no damage.
The quokka bites you but does no damage.
The frilled lizard bites you. The rat bites you but does no damage.
The frilled lizard bites you but does no damage.
The quokka bites you but does no damage.
The rat barely misses you.
You hit the quokka.
The quokka is heavily wounded.
You hit the frilled lizard.
You kill the frilled lizard!
You hit the rat.
You kill the rat!
The quokka bites you but does no damage.
You have reached level 3!
Your experience leads to an increase in your attributes!
Increase (S)trength, (I)ntelligence, or (D)exterity?
You feel clever. x2; Your demonic ancestry asserts itself...
A menacing aura infuses your magic.
You slash the quokka!
You kill the quokka!
A kobold comes into view. It is wielding a +0 dagger.
There is a faded altar of an unknown god here.
This altar belongs to (a) Trog, (b) Yredelemnul or (c) Qazlal, but you can't tell which.
Press the corresponding letter to learn more about a god, or press enter to convert or escape to cancel.
Yredelemnul accepts your prayer! Yredelemnul welcomes you!
You can now reap souls.
You can now recall your undead harvest.
Are you sure you want to abandon this character and quit the game? (Confirm with "yes".)
Okay, then.
Unknown command.
Press < or > to pray at altars.
Unknown command.
Press < or > to pray at altars.
Unknown command.
Press < or > to pray at altars.
Are you sure you want to abandon this character and quit the game? (Confirm with "yes".)

##..######.........#
####...#######.......... #
####~....~......~..........
..#.)....~~≈≈~.~~~~..........
........≈~≈≈≈≈~~~...........#
......~~~≈~≈≈≈≈~~~.###......
........~~~~~≈≈≈≈≈.# ..#.#
....>..†~≈~Z♣~≈≈≈~.# ...
.......~≈KZZ@~≈≈~..# .#
..#...~≈~~~♣..~≈≈.~#
#.....~~≈Z~~≈≈≈~..
#.....≈~≈≈≈≈≈≈≈≈...
#.....~~~≈≈≈≈~≈~~~.#
......~.≈≈≈≈~....~.#
$......~.~~~~..~...#
.#..........########
#.........##


You could see a kobold (ally target), 2 friendly ball python zombies, a friendly
adder zombie and a friendly quokka zombie.

Vanquished Creatures
  A ball python (D:2)
  4 bats (D:1)
  6 endoplasms
  A giant cockroach (D:1)
  A goblin (D:1)
  3 hobgoblins
  2 jackals (D:1)
  2 quokkas (D:2)
  2 frilled lizards (D:2)
  2 kobolds (D:1)
  2 rats
26 creatures vanquished.

Notes
Turn   | Place    | Note
-------+----------+-------------------------------------------
     0 | D:1      | Dani the Demonspawn Fighter began the quest for the Orb.
     0 | D:1      | Reached XP level 1. HP: 18/18 MP: 1/1
    30 | D:1      | Reached skill level 2 in Axes
   165 | D:1      | Gained mutation: Your touch may inflict minor irresistible
                  | damage on your foes. [demonic ancestry]
   165 | D:1      | Reached XP level 2. HP: 24/24 MP: 2/2
   656 | D:1      | Found Wurr's General Store.
   664 | D:1      | Bought a potion of curing for 36 gold pieces
   686 | D:1      | Reached skill level 3 in Axes
   909 | D:2      | Found a faded altar of an unknown god.
   915 | D:2      | Gained mutation: Spells you cast may paralyse adjacent
                  | enemies. [demonic ancestry]
   915 | D:2      | Reached XP level 3. HP: 25/29 MP: 3/3
   921 | D:2      | Prayed at the altar of an unknown god.
   921 | D:2      | Became a worshipper of Yredelemnul the Dark
   921 | D:2      | Reached * piety under Yredelemnul
   922 | D:2      | Quit the game

Illustrated notes

Levels and vault maps discovered:
D:1:      evilmike_arrival_come_back, layout_loops_ring, serial_shops, shop
D:2:      layout_rooms, chequers_ecumenical_altar_island, minmay_misc_feat_rows

Skill      XL: |  1  2 |
---------------+-------+-----
Axes           | 2 3 |  3.2
Fighting       | |  3.0
Armour         | |  2.6
Shields        | |  2.6

Action                     || total
---------------------------++-------
  Melee: War axe           ||    66
    Use: Scroll            ||     3
 Armour: Scale mail        ||    36
  Dodge: Dodged            ||    39
  Block: Buckler           ||    12

Levels and vault maps discovered:
D:1:      evilmike_arrival_come_back, layout_loops_ring, serial_shops, shop
D:2:      layout_rooms, chequers_ecumenical_altar_island, minmay_misc_feat_rows

Table legend: (Time is in decaauts)
 A = Elapsed time spent in this place.
 B = Non-inter-level travel time spent in this place.
 C = Inter-level travel time spent in this place.
 D = Time resting spent in this place.
 E = Time spent auto-exploring this place.
 F = Levels seen in this place.
 G = Mean time per level.
                   A        B        C        D        E       F      G
               +--------+--------+--------+--------+--------+-----+--------+
         Total |    951 |    899 |     52 |      0 |    724 |   2 |  475.5 |
       Dungeon |    951 |    899 |     52 |      0 |    724 |   2 |  475.5 |
               +--------+--------+--------+--------+--------+-----+--------+

Top non-repeatable levels by time:
     D:1: 829 daAuts
     D:2: 122 daAuts

Table legend:
 A = Kills in this place as a percentage of kills in the entire game.
 B = Kills by you in this place as a percentage of kills by you in the entire game.
 C = Kills by friends in this place as a percentage of kills by friends in the entire game.
 D = Other kills in this place as a percentage of other kills in the entire game.
 E = Experience gained in this place as a percentage of experience gained in the entire game.
 F = Experience gained in this place divided by the number of levels of this place that you have seen.
                   A       B       C       D       E      F
               +-------+-------+-------+-------+-------+----------------------
         Total | 100.0 | 100.0 |   N/A |   N/A | 100.0 |  22.0
       Dungeon | 100.0 | 100.0 |   N/A |   N/A | 100.0 |  22.0
               +-------+-------+-------+-------+-------+----------------------
